 Dungeon Crawl Stone Soup version 0.26-a0-597-gb535b0901c (webtiles) character file.

Game seed: 16055578395079482373

149 graki42 the Firebug (level 5, -5/28 HPs)
             Began as a Deep Elf Fire Elementalist on Sept 3, 2020.
             Killed from afar by Natasha (6 damage)
             ... with a magic dart
             ... on level 2 of the Dungeon.
             The game lasted 00:05:53 (1995 turns).

graki42 the Firebug (Deep Elf Fire Elementalist)    Turns: 1995, Time: 00:05:54

Health: -5/28      AC:  3    Str:  3 (6)  XL:     5   Next: 9%
Magic:  10/13      EV: 13    Int: 18 (20) God:
Gold:   46         SH:  0    Dex: 13 (15) Spells: 5/12 levels left

rFire    . . .     SeeInvis .   e - +0 dagger (flame)
rCold    . . .     Faith    .   (no shield)
rNeg     . . .     Spirit   .   a - +0 robe
rPois    .         Reflect  .   (no helmet)
rElec    .         Harm     .   c - +0 cloak
rCorr    .                      (no gloves)
MR       .....                  (no boots)
Stlth    ++........             (no amulet)
HPRegen  0.09/turn              (no ring)
MPRegen  0.13/turn              (no ring)

@: no status effects
A: no striking features
a: no special abilities


You were on level 2 of the Dungeon.
You visited 1 branch of the dungeon, and saw 2 of its levels.

You collected 46 gold pieces.

Inventory:

Hand Weapons
 e - a +0 dagger of flaming (weapon)
Armour
 a - a +0 robe (worn)
 c - a +0 cloak (worn)
Magical Staves
 i - an uncursed staff of death
Scrolls
 d - 4 scrolls of identify {unknown}
Potions
 b - a potion of lignification {unknown}
 f - 2 potions of degeneration
 g - a potion of mutation {unknown}
 h - a potion of haste {unknown}
 j - a potion of curing {unknown}


   Skills:
 - Level 3.0 Dodging
 - Level 3.0 Stealth
 + Level 4.4 Spellcasting
 + Level 2.6 Conjurations
 + Level 4.6 Fire Magic


You had 5 spell levels left.
You knew the following spells:

 Your Spells              Type           Power        Failure   Level
a - Foxfire               Conj/Fire      ###.         3%          1
b - Conjure Flame         Conj/Fire      ###.....     10%         3
c - Inner Flame           Hex/Fire       ##......     16%         3

Your spell library contained the following spells:

 Spells                   Type           Power        Failure   Level
 Sticky Flame             Conj/Fire      ###.....     30%         4
 Fireball                 Conj/Fire      ###.......   65%         5


Dungeon Overview and Level Annotations

Branches:
Dungeon (2/15)

Altars:
Makhleb

Annotations:
D:2 Natasha


Message History

The foxfire hits the goblin but does no damage.
The foxfire hits the goblin.
The goblin is severely wounded.
The goblin hits you with a +0 club.
Natasha mumbles some strange words.
The shadow imp gestures at you. Pain shoots through your body!
* * * LOW HITPOINT WARNING * * *
Unknown command.
The foxfire hits the shadow imp!
The shadow imp is severely wounded.
The foxfire hits the shadow imp.
You kill the shadow imp!
The goblin hits you with a +0 club.
* * * LOW HITPOINT WARNING * * *
It was a potion of degeneration.
There was something very wrong with that liquid.
You feel weakened.
You feel dopey.
You feel clumsy. Natasha casts a spell at you. The magic dart hits you.
You die...

#.# #.# #.# #.# #.# #.#
#.# #5# ##.# #.# #..#
#h# ##..# #.# ##...##
#.#
#..#######...@.####.#
............†..)g.h55..#
...###.###.##.....######
.. #.###...## .. #.#
##### .# #.# .# #.# .#
#.# .# #.#


You could see Natasha, a crimson imp (summoned), a shadow imp (summoned) and a
goblin.

Vanquished Creatures
  Natasha (twice) (D:2)
  4 adders (D:2)
  2 oozes (D:1)
  3 dart slugs
  4 leopard geckos
  4 bats (D:1)
  3 giant cockroaches (D:1)
  6 goblins
  3 jackals (D:1)
  A ball python (D:2)
  4 frilled lizards
  6 kobolds
  6 rats
48 creatures vanquished.

Vanquished Creatures (others)
  141 foxfires
141 creatures vanquished.

Grand Total: 189 creatures vanquished

Notes
Turn   | Place    | Note
-------+----------+-------------------------------------------
     0 | D:1      | graki42 the Deep Elf Fire Elementalist began the quest for
                  | the Orb.
     0 | D:1      | Reached XP level 1. HP: 10/10 MP: 6/6
   194 | D:1      | Reached XP level 2. HP: 5/15 MP: 1/8
   705 | D:1      | Reached XP level 3. HP: 19/19 MP: 7/9
  1103 | D:1      | Learned a level 3 spell: Conjure Flame
  1107 | D:1      | Learned a level 3 spell: Inner Flame
  1297 | D:2      | Noticed Natasha
  1307 | D:2      | Killed Natasha
  1307 | D:2      | Reached XP level 4. HP: 19/24 MP: 5/11
  1416 | D:2      | Noticed Natasha
  1423 | D:2      | Killed Natasha
  1627 | D:2      | Reached XP level 5. HP: 22/28 MP: 10/13
  1840 | D:2      | Found a burning altar of Makhleb.
  1969 | D:2      | Noticed Natasha
  1994 | D:2      | HP: 1/28 [goblin/+0 club (1)]
  1995 | D:2      | Killed from afar by Natasha

Illustrated notes

Levels and vault maps discovered:
D:1:      psy_arrival_whirlpool, layout_basic, minivault_19
D:2:      layout_loops_ring, gammafunk_temple_overflow_pools,
          overflow_temple_1_default, uniq_natasha

Skill      XL: |  1  2  3  4 |
---------------+-------------+-----
Fire Magic     | 4 |  4.6
Dodging        | 3 |  3.0
Stealth        | 3 |  3.0
Spellcasting   | 4 |  4.4
Conjurations   | 2 |  2.6

Action                   |  1- 3 |  4- 6 || total
-------------------------+-------+-------++-------
Melee: Dagger            |     7 |     6 ||    13
 Cast: Foxfire           |    48 |    32 ||    80
  Use: Potion            |       |     1 ||     1
Armor: Robe              |     4 |       ||     4
Dodge: Dodged            |    12 |     5 ||    17

Table legend: (Time is in decaauts)
 A = Elapsed time spent in this place.
 B = Non-inter-level travel time spent in this place.
 C = Inter-level travel time spent in this place.
 D = Time resting spent in this place.
 E = Time spent auto-exploring this place.
 F = Levels seen in this place.
 G = Mean time per level.
                   A        B        C        D        E       F      G
               +--------+--------+--------+--------+--------+-----+--------+
         Total |   1994 |   1981 |     13 |     52 |   1634 |   2 |  997.0 |
       Dungeon |   1994 |   1981 |     13 |     52 |   1634 |   2 |  997.0 |
               +--------+--------+--------+--------+--------+-----+--------+

Top non-repeatable levels by time:
     D:1: 1120 daAuts
     D:2: 873 daAuts
